| TOP OF THE 1ST |
|
Hawaii Islanders batting - Pitching for Tacoma Cubs : RHP Doug Jones
|
|
Pitching: RHP Doug Jones
|
|
|
Batting: LHB Leo Sutherland
|
0-0: Ground out 6-3 (Groundball, 6M, EV 93.1 MPH)
|
|
Batting: LHB Creighton Tevlin
|
0-0: Ball 1-0: SINGLE (Groundball, 4M, EV 96.9 MPH) (infield hit)
|
|
Batting: LHB Geno Petralli
|
0-0: Called Strike 0-1: Called Strike Creighton Tevlin steals 2nd base 0-2: Fly out, F3 (Popup, 3L, EV 56.9 MPH)
|
|
Batting: SHB Charles Valley
|
0-0: Ball 1-0: Foul Ball, location: 2F 1-1: 2-RUN HOME RUN (Flyball, 9LD, EV 86.9 MPH), Distance : 342 ft
|
|
Batting: LHB Joe DeSa
|
0-0: Called Strike 0-1: Swinging Strike 0-2: Ball 1-2: Fly out, F7 (Flyball, 78S, EV 93.8 MPH)
|
| Top of the 1st over - 2 runs, 2 hits, 0 errors, 0 left on base; Hawaii 2 - Tacoma 0 |
| BOTTOM OF THE 1ST |
|
Tacoma Cubs batting - Pitching for Hawaii Islanders : RHP Herberto Folgueira
|
|
Pitching: RHP Herberto Folgueira
|
|
|
Batting: LHB John Elway
|
0-0: Fly out, F8 (Flyball, 8LM, EV 90.0 MPH)
|
|
Batting: RHB Billy Cree
|
0-0: Fly out, F7 (Line Drive, 7D, EV 92.5 MPH)
|
|
Batting: LHB Willie Gonzalez
|
0-0: Ball 1-0: Ball 2-0: Foul Ball, location: 2F 2-1: Called Strike 2-2: SOLO HOME RUN (Flyball, 89XD, EV 87.5 MPH), Distance : 401 ft
|
|
Batting: RHB Marty Castillo
|
0-0: Called Strike 0-1: Ball 1-1: Fly out, F8 (Flyball, 8RM, EV 78.1 MPH)
|
| Bottom of the 1st over - 1 run, 1 hit, 0 errors, 0 left on base; Hawaii 2 - Tacoma 1 |
| TOP OF THE 2ND |
|
Hawaii Islanders batting - Pitching for Tacoma Cubs : RHP Doug Jones
|
|
Batting: RHB Joe Strain
|
0-0: Fly out, F9 (Flyball, 9LM, EV 91.9 MPH)
|
|
Batting: RHB Rob Teegarden
|
0-0: Called Strike 0-1: SINGLE (Line Drive, 89S, EV 100.0 MPH)
|
|
Batting: RHB Peter Peltz
|
0-0: Foul Ball, location: 2F 0-1: Foul Ball, location: 2F 0-2: Ball 1-2: Fly out, F8 (Flyball, 8RD, EV 107.5 MPH)
|
|
Batting: RHB Tony Walker
|
0-0: Called Strike 0-1: Fly out, F4 (Line Drive, 4, EV 69.4 MPH)
|
| Top of the 2nd over - 0 runs, 1 hit, 0 errors, 1 left on base; Hawaii 2 - Tacoma 1 |
| BOTTOM OF THE 2ND |
|
Tacoma Cubs batting - Pitching for Hawaii Islanders : RHP Herberto Folgueira
|
|
Batting: LHB Robert Kraft
|
0-0: Foul Ball, location: 2F 0-1: Ball 1-1: Ball 2-1: Called Strike 2-2: Ball 3-2: Foul Ball, location: 2F 3-2: Strikes out looking
|
|
Batting: LHB Tom Lombarski
|
0-0: Ground out 4-3 (Groundball, 34, EV 110.6 MPH)
|
|
Batting: RHB Paul Szymarek
|
0-0: Foul Ball, location: 2F 0-1: Swinging Strike 0-2: Strikes out swinging
|
| Bottom of the 2nd over - 0 runs, 0 hits, 0 errors, 0 left on base; Hawaii 2 - Tacoma 1 |
| TOP OF THE 3RD |
|
Hawaii Islanders batting - Pitching for Tacoma Cubs : RHP Doug Jones
|
|
Batting: LHB Leo Sutherland
|
0-0: Foul Ball, location: 2F 0-1: Foul Ball, location: 2F 0-2: Ball 1-2: Ball 2-2: Strikes out swinging
|
|
Batting: LHB Creighton Tevlin
|
0-0: Fly out, F8 (Line Drive, 8LM, EV 94.4 MPH)
|
|
Batting: LHB Geno Petralli
|
0-0: Foul Ball, location: 2F 0-1: Ball 1-1: Foul Ball, location: 2F 1-2: Ball 2-2: Ball 3-2: Strikes out swinging
|
| Top of the 3rd over - 0 runs, 0 hits, 0 errors, 0 left on base; Hawaii 2 - Tacoma 1 |
| BOTTOM OF THE 3RD |
|
Tacoma Cubs batting - Pitching for Hawaii Islanders : RHP Herberto Folgueira
|
|
Batting: LHB Bruce Bochte
|
0-0: Ball 1-0: Ball 2-0: Fly out, F4 (Line Drive, 4, EV 68.1 MPH)
|
|
Batting: RHB Tim Glass
|
0-0: Foul Ball, location: 2F 0-1: SINGLE (Line Drive, 8RS, EV 97.5 MPH)
|
|
Batting: LHB John Elway
|
0-0: Called Strike 0-1: Ball 1-1: Called Strike Tim Glass steals 2nd base 1-2: Ball 2-2: Foul Ball, location: 2F 2-2: Strikes out looking
|
|
Batting: RHB Billy Cree
|
0-0: Ball 1-0: Ball 2-0: Called Strike 2-1: Ball 3-1: Reached on error, E6 (Groundball, 6, EV 85.6 MPH) Tim Glass to third
|
|
Batting: LHB Willie Gonzalez
|
0-0: Fielders Choice at 2nd, 6-4 (Groundball, 6, EV 98.8 MPH)
|
| Bottom of the 3rd over - 0 runs, 1 hit, 1 error, 2 left on base; Hawaii 2 - Tacoma 1 |
| TOP OF THE 4TH |
|
Hawaii Islanders batting - Pitching for Tacoma Cubs : RHP Doug Jones
|
|
Batting: SHB Charles Valley
|
0-0: Ball 1-0: Called Strike 1-1: Ground out U3 (Groundball, 3L, EV 86.3 MPH)
|
|
Batting: LHB Joe DeSa
|
0-0: Foul Ball, location: 2F 0-1: Fly out, F9 (Line Drive, 9, EV 98.8 MPH)
|
|
Batting: RHB Joe Strain
|
0-0: Ball 1-0: Called Strike 1-1: Ball 2-1: Called Strike 2-2: Ground out 6-3 (Groundball, 6, EV 89.4 MPH)
|
| Top of the 4th over - 0 runs, 0 hits, 0 errors, 0 left on base; Hawaii 2 - Tacoma 1 |
| BOTTOM OF THE 4TH |
|
Tacoma Cubs batting - Pitching for Hawaii Islanders : RHP Herberto Folgueira
|
|
Batting: RHB Marty Castillo
|
0-0: Fly out, F4 (Flyball, 3D, EV 86.9 MPH)
|
|
Batting: LHB Robert Kraft
|
0-0: Called Strike 0-1: Foul Ball, location: 2F 0-2: Ball 1-2: Foul Ball, location: 2F 1-2: Foul Ball, location: 2F 1-2: Ball 2-2: Ball 3-2: Ground out 4-3 (Groundball, 34, EV 88.1 MPH)
|
|
Batting: LHB Tom Lombarski
|
0-0: Ball 1-0: Called Strike 1-1: Reached on error, E6 (Line Drive, 6, EV 60.6 MPH)
|
|
Batting: RHB Paul Szymarek
|
0-0: Ball 1-0: Swinging Strike 1-1: Foul Ball, location: 2F 1-2: Strikes out swinging
|
| Bottom of the 4th over - 0 runs, 0 hits, 1 error, 1 left on base; Hawaii 2 - Tacoma 1 |
| TOP OF THE 5TH |
|
Hawaii Islanders batting - Pitching for Tacoma Cubs : RHP Doug Jones
|
|
Batting: RHB Rob Teegarden
|
0-0: Ball 1-0: Called Strike 1-1: Called Strike 1-2: Ground out 6-3 (Groundball, 6, EV 101.3 MPH)
|
|
Batting: RHB Peter Peltz
|
0-0: Ground out 4-3 (Groundball, 4, EV 106.9 MPH)
|
|
Batting: RHB Tony Walker
|
0-0: Ball 1-0: Swinging Strike 1-1: Ball 2-1: Ball 3-1: Called Strike 3-2: Strikes out swinging
|
| Top of the 5th over - 0 runs, 0 hits, 0 errors, 0 left on base; Hawaii 2 - Tacoma 1 |
| BOTTOM OF THE 5TH |
|
Tacoma Cubs batting - Pitching for Hawaii Islanders : RHP Herberto Folgueira
|
|
Batting: LHB Bruce Bochte
|
0-0: Called Strike 0-1: Ball 1-1: Ball 2-1: Foul Ball, location: 2F 2-2: Ball 3-2: Fly out, F3 (Line Drive, 3, EV 60.6 MPH)
|
|
Batting: RHB Tim Glass
|
0-0: Called Strike 0-1: Ball 1-1: Swinging Strike 1-2: Ground out 6-3 (Groundball, 6, EV 86.9 MPH)
|
|
Batting: LHB John Elway
|
0-0: SINGLE (Groundball, 4MD, EV 107.5 MPH)
|
|
Batting: RHB Billy Cree
|
0-0: Called Strike 0-1: Ball 1-1: Ball 2-1: Ball 3-1: Foul Ball, location: 2F 3-2: Fly out, F9 (Flyball, 9LM, EV 90.0 MPH)
|
| Bottom of the 5th over - 0 runs, 1 hit, 0 errors, 1 left on base; Hawaii 2 - Tacoma 1 |
| TOP OF THE 6TH |
|
Hawaii Islanders batting - Pitching for Tacoma Cubs : RHP Doug Jones
|
|
Batting: LHB Leo Sutherland
|
0-0: Ball 1-0: SINGLE (Groundball, 6S, EV 69.4 MPH) (infield hit)
|
|
Batting: LHB Creighton Tevlin
|
0-0: Sac Bunt to 3S - play at first, batter OUT! 3-1 Leo Sutherland to second
|
|
Batting: LHB Geno Petralli
|
0-0: Called Strike 0-1: Ball 1-1: Ball Leo Sutherland steals 3rd base 2-1: Swinging Strike 2-2: Foul Ball, location: 2F 2-2: Foul Ball, location: 2F 2-2: Ball 3-2: SINGLE (Groundball, 4MD, EV 110.6 MPH) Leo Sutherland scores
|
|
Batting: SHB Charles Valley
|
0-0: Foul Ball, location: 2F 0-1: Swinging Strike 0-2: Foul Ball, location: 2F 0-2: Ball 1-2: Ball 2-2: Foul Ball, location: 2F 2-2: Fly out, F7 (Flyball, 78S, EV 85.0 MPH)
|
|
Batting: LHB Joe DeSa
|
0-0: Ball 1-0: Ball 2-0: Foul Ball, location: 2F 2-1: 2-RUN HOME RUN (Flyball, 9D, EV 105.6 MPH), Distance : 362 ft
|
|
Batting: RHB Joe Strain
|
0-0: Ball 1-0: Called Strike 1-1: Swinging Strike 1-2: SINGLE (Line Drive, 9LS, EV 105.0 MPH)
|
|
Pitching: RHP Bernard Tensing
|
|
|
Batting: RHB Rob Teegarden
|
0-0: Ball 1-0: SINGLE (Groundball, 6D, EV 97.5 MPH) Joe Strain to second
|
|
Batting: RHB Peter Peltz
|
0-0: Called Strike 0-1: Called Strike 0-2: Ball 1-2: SINGLE (Groundball, 6MD, EV 95.6 MPH) Joe Strain to third Rob Teegarden to second Runner from 3rd tries for Home, SAFE, throw by CF to home
|
|
Batting: RHB Tony Walker
|
0-0: Ball 1-0: Swinging Strike 1-1: Foul Ball, location: 2F 1-2: Strikes out swinging
|
| Top of the 6th over - 4 runs, 6 hits, 0 errors, 2 left on base; Hawaii 6 - Tacoma 1 |
| BOTTOM OF THE 6TH |
|
Tacoma Cubs batting - Pitching for Hawaii Islanders : RHP Herberto Folgueira
|
|
Batting: LHB Willie Gonzalez
|
0-0: Hit by Pitch
|
|
Batting: RHB Marty Castillo
|
0-0: Ball 1-0: Grounds into double play, 6-4-3 (Groundball, 56D, EV 85.6 MPH)
|
|
Batting: LHB Robert Kraft
|
0-0: Ground out 6-3 (Groundball, 6M, EV 82.5 MPH)
|
| Bottom of the 6th over - 0 runs, 0 hits, 0 errors, 0 left on base; Hawaii 6 - Tacoma 1 |
| TOP OF THE 7TH |
|
Hawaii Islanders batting - Pitching for Tacoma Cubs : RHP Bernard Tensing
|
|
Batting: LHB Leo Sutherland
|
0-0: Ball 1-0: Ground out 6-3 (Groundball, 6, EV 105.0 MPH)
|
|
Batting: LHB Creighton Tevlin
|
0-0: Ball 1-0: Ground out 6-3 (Groundball, 6M, EV 85.6 MPH)
|
|
Batting: LHB Geno Petralli
|
0-0: Called Strike 0-1: Foul Ball, location: 2F 0-2: Fly out, F9 (Line Drive, 9, EV 104.4 MPH)
|
| Top of the 7th over - 0 runs, 0 hits, 0 errors, 0 left on base; Hawaii 6 - Tacoma 1 |
| BOTTOM OF THE 7TH |
|
Tacoma Cubs batting - Pitching for Hawaii Islanders : RHP Herberto Folgueira
|
|
Batting: LHB Tom Lombarski
|
0-0: Called Strike 0-1: Ball 1-1: Ground out 4-3 (Groundball, 4, EV 96.9 MPH)
|
|
Batting: RHB Paul Szymarek
|
0-0: Ball 1-0: Ball 2-0: Called Strike 2-1: Foul Ball, location: 2F 2-2: Ball 3-2: Strikes out looking
|
|
Batting: LHB Bruce Bochte
|
0-0: Ball 1-0: Fly out, F8 (Flyball, 8LS, EV 83.8 MPH)
|
| Bottom of the 7th over - 0 runs, 0 hits, 0 errors, 0 left on base; Hawaii 6 - Tacoma 1 |
| TOP OF THE 8TH |
|
Hawaii Islanders batting - Pitching for Tacoma Cubs : RHP Bernard Tensing
|
|
Batting: SHB Charles Valley
|
0-0: Ball 1-0: Ball 2-0: Foul Ball, location: 2F 2-1: Ball 3-1: Reached on error, E7 (Flyball, 78S, EV 84.4 MPH)
|
|
Batting: LHB Joe DeSa
|
0-0: Called Strike 0-1: Foul Ball, location: 2F 0-2: Fielders Choice at 2nd, 4-6 (Groundball, 34, EV 85.0 MPH)
|
|
Batting: RHB Joe Strain
|
0-0: Fielders Choice at 2nd, 4-6 (Groundball, 34, EV 82.5 MPH)
|
|
Batting: RHB Rob Teegarden
|
0-0: Ball Joe Strain steals 2nd, throwing error, E2 Joe Strain to third 1-0: Foul Ball, location: 2F 1-1: Ball 2-1: Ball 3-1: Base on Balls
|
|
Batting: RHB Peter Peltz
|
0-0: Fielders Choice at 2nd, 5-4 (Groundball, 56, EV 105.6 MPH)
|
| Top of the 8th over - 0 runs, 0 hits, 2 errors, 2 left on base; Hawaii 6 - Tacoma 1 |
| BOTTOM OF THE 8TH |
|
Tacoma Cubs batting - Pitching for Hawaii Islanders : RHP Herberto Folgueira
|
|
Batting: RHB Tim Glass
|
0-0: SOLO HOME RUN (Flyball, 78XD, EV 109.4 MPH), Distance : 400 ft
|
|
Batting: LHB John Elway
|
0-0: Ball 1-0: Swinging Strike 1-1: Foul Ball, location: 2F 1-2: Foul Ball, location: 2F 1-2: Ball 2-2: Foul Ball, location: 2F 2-2: Ground out 6-3 (Groundball, 4M, EV 89.4 MPH)
|
|
Batting: RHB Billy Cree
|
0-0: Ball 1-0: Ball 2-0: DOUBLE (Flyball, 89D, EV 95.0 MPH)
|
|
Batting: LHB Willie Gonzalez
|
0-0: Ball 1-0: Ball 2-0: Ball 3-0: Called Strike 3-1: Foul Ball, location: 2F 3-2: Foul Ball, location: 2F 3-2: Foul Ball, location: 2F 3-2: Base on Balls
|
|
Batting: RHB Marty Castillo
|
0-0: Called Strike 0-1: Fly out, F3 (Popup, 3SF, EV 83.1 MPH)
|
|
Batting: LHB Robert Kraft
|
0-0: Fly out, F8 (Flyball, 89D, EV 86.9 MPH)
|
| Bottom of the 8th over - 1 run, 2 hits, 0 errors, 2 left on base; Hawaii 6 - Tacoma 2 |
| TOP OF THE 9TH |
|
Hawaii Islanders batting - Pitching for Tacoma Cubs : RHP Bernard Tensing
|
|
Batting: RHB Tony Walker
|
0-0: Swinging Strike 0-1: Ball 1-1: SINGLE (Groundball, 6MS, EV 72.5 MPH) (infield hit)
|
|
Batting: LHB Leo Sutherland
|
0-0: Ball 1-0: Fly out, F8 (Line Drive, 8LM, EV 96.3 MPH)
|
|
Batting: LHB Creighton Tevlin
|
0-0: Ground out 6-3 (Groundball, P, EV 86.9 MPH) Tony Walker to second
|
|
Batting: LHB Geno Petralli
|
0-0: Foul Ball, location: 2F 0-1: Foul Ball, location: 2F 0-2: Ball 1-2: Ball 2-2: Foul Ball, location: 2F 2-2: Ball 3-2: SINGLE (Line Drive, 3D, EV 101.3 MPH) Tony Walker to third Tony Walker scores
|
|
Batting: SHB Charles Valley
|
0-0: Called Strike 0-1: Foul Ball, location: 2F 0-2: Foul Ball, location: 2F 0-2: SINGLE (Groundball, 34D, EV 97.5 MPH) Geno Petralli to second Runner from 2nd tries for 3rd, SAFE, no throw by RF
|
|
Pitching: RHP Bill Campbell
|
|
|
Batting: LHB Joe DeSa
|
0-0: Ball 1-0: Foul Ball, location: 2F 1-1: Ball 2-1: Ball 3-1: Called Strike 3-2: Foul Ball, location: 2F 3-2: 3-RUN HOME RUN (Flyball, 7D, EV 99.4 MPH), Distance : 359 ft
|
|
Batting: RHB Joe Strain
|
0-0: Ball 1-0: Ground out 5-3 (Groundball, 5, EV 86.9 MPH)
|
| Top of the 9th over - 4 runs, 4 hits, 0 errors, 0 left on base; Hawaii 10 - Tacoma 2 |
| BOTTOM OF THE 9TH |
|
Tacoma Cubs batting - Pitching for Hawaii Islanders : RHP Herberto Folgueira
|
|
Pinch Hitting: RHB Alex Trevino
|
0-0: Ground out 6-3 (Groundball, 6, EV 88.8 MPH)
|
|
Batting: RHB Paul Szymarek
|
0-0: Ball 1-0: Foul Ball, location: 2F 1-1: Fly out, F8 (Flyball, 8LXD, EV 101.3 MPH)
|
|
Batting: LHB Bruce Bochte
|
0-0: Called Strike 0-1: Ball 1-1: Swinging Strike 1-2: Fly out, F8 (Flyball, 8LXD, EV 93.1 MPH)
|
| Bottom of the 9th over - 0 runs, 0 hits, 0 errors, 0 left on base; Hawaii 10 - Tacoma 2 |
|